 Dungeon Crawl Stone Soup version 0.29.0-15-g675c0067aa (webtiles) character file.

Game seed: 6226765343884058799

11141 qw the Severer (level 11, 100/100 HPs)
             Began as a Minotaur Berserker on Sept 12, 2022.
             Was a High Priest of Trog.
             Quit the game on level 10 of the Dungeon.
             The game lasted 00:10:02 (11553 turns).

qw the Severer (Minotaur Berserker)                Turns: 11553, Time: 00:10:02

Health: 100/100    AC: 21    Str: 33    XL:     11   Next: 45%
Magic:  10/10      EV:  9    Int:  4    God:    Trog [*****.]
Gold:   827        SH:  0    Dex:  9    Spells: 10/10 levels left

rFire   . . .      SeeInvis +   i - +0 broad axe
rCold   . . .      Faith    .   (no shield)
rNeg    . . .      Spirit   .   r - +0 plate armour
rPois   .          Reflect  .   (helmet restricted)
rElec   .          Harm     .   k - +0 cloak
rCorr   .          Rampage  .   a - +3 pair of gauntlets of War {Slay+5}
Will    .....      Clarity  +   (no boots)
Stlth   ..........              (no amulet)
HPRegen 0.26/turn               e - ring of see invisible
MPRegen 0.12/turn               c - +6 ring of strength

@: no status effects
A: horns 2, retaliatory headbutt, iridescent scales 1, clarity, noise
suppression
a: Renounce Religion, Berserk, Trog's Hand, Brothers in Arms


You were on level 10 of the Dungeon.
You worshipped Trog.
Trog was extremely pleased with you.
You visited 1 branch of the dungeon, and saw 11 of its levels.
You also visited: Sewer.

You collected 827 gold pieces.


Innate Abilities, Weirdness & Mutations

You have a pair of horns on your head.
You reflexively headbutt those who attack you in melee.
You are partially covered in iridescent scales. (AC +2)
You possess an exceptional clarity of mind.
You passively dampen the noise of your surroundings.


   Skills:
 - Level 10.2 Fighting
 - Level 17.0 Axes
 - Level 4.0 Throwing
 + Level 8.3 Armour
 - Level 3.1 Dodging


You had 10 spell levels left.
You didn't know any spells.
Your spell library was empty.

Inventory:

Hand Weapons
 i - a +0 broad axe (weapon)
 Y - a +0 war axe of flaming
Missiles
 b - a silver boomerang
 m - 2 javelins (quivered)
 q - 2 boomerangs
Armour
 a - the +3 pair of gauntlets of War (worn) {Slay+5}
   (You acquired it on level 1 of the Dungeon)

   Slay:      It affects your accuracy & damage with ranged weapons and melee
   (+5).
 k - a +0 cloak (worn)
 r - a +0 plate armour (worn)
Jewellery
 c - a +6 ring of strength (right hand)
 e - a ring of see invisible (left hand)
 t - a ring of resist corrosion
Scrolls
 n - a scroll of identify
Potions
 d - 10 potions of curing
 g - a potion of heal wounds
 h - a potion of might
 l - a potion of resistance
 o - a potion of cancellation {unknown}
 p - 2 potions of mutation
 s - a potion of haste {unknown}

Dungeon Overview and Level Annotations

Branches:
Dungeon (11/15)            Temple (0/1) D:4            Lair (0/5) D:10
    Orc (0/2) D:11          Sewer (visited)

Altars:
Okawaru
Jiyva

Shops:
D:1 *

Annotations:
D:8 2 transporters


Message History

Where to? (* - list waypoints, Enter - Lair:1, ? - help)
What level of the Lair of Beasts? (default 1, ? - help) Sorry, I don't know how to get there.
Done exploring.
11548 ||| Stepping randomly (stuck).
Done exploring.
(D) Dungeon (T) Temple (L) Lair (O) Orcish Mines
Where to? (* - list waypoints, Enter - Lair:1, ? - help)
What level of the Lair of Beasts? (default 1, ? - help) Sorry, I don't know how to get there.
Done exploring.
11549 ||| Stepping randomly (stuck).
Done exploring.
(D) Dungeon (T) Temple (L) Lair (O) Orcish Mines
Where to? (* - list waypoints, Enter - Lair:1, ? - help)
What level of the Lair of Beasts? (default 1, ? - help) Sorry, I don't know how to get there.
Done exploring.
11550 ||| Stepping randomly (stuck).
Done exploring.
(D) Dungeon (T) Temple (L) Lair (O) Orcish Mines
Where to? (* - list waypoints, Enter - Lair:1, ? - help)
What level of the Lair of Beasts? (default 1, ? - help) Sorry, I don't know how to get there.
Done exploring.
11551 ||| Stepping randomly (stuck).
Done exploring.
(D) Dungeon (T) Temple (L) Lair (O) Orcish Mines
Where to? (* - list waypoints, Enter - Lair:1, ? - help)
What level of the Lair of Beasts? (default 1, ? - help) Sorry, I don't know how to get there.
Done exploring.
11552 ||| Stepping randomly (stuck).
Done exploring.
(D) Dungeon (T) Temple (L) Lair (O) Orcish Mines
Where to? (* - list waypoints, Enter - Lair:1, ? - help)
What level of the Lair of Beasts? (default 1, ? - help) Sorry, I don't know how to get there.
Done exploring.
Are you sure you want to abandon this character and quit the game? (Confirm with "yes".)

#.# #......#
#.... ##.##
#......# #....
#...###.....:#
#....
#.).~~~~~....#
#....
#..~~~~~~~~..#
#####
##.~~~~~~~~~.#
#..~~~~~~~~.#
#..~~...~~..#
#.~~~~..@~..#
#~~~~~~..~~.#
#~~~~~~.~~..#
#.~~~~~~P~..#
#..~~~~~~!..#
#....~~~.P..#
#...........#
#############


There were no monsters in sight!

Vanquished Creatures
  An ugly thing (D:8)
  A cyclops (D:11)
  A gargoyle (D:10)
  Maggie (D:10)
  An unseen horror (D:10)
  A komodo dragon (D:11)
  A troll (D:10)
  Grinder (Sewer)
  2 hornets
  Prince Ribbit (D:6)
  A shadow (D:10)
  13 yaks
  2 wyverns
  A wraith (D:9)
  5 vampire mosquitoes (D:10)
  Edmund (D:6)
  An acid dragon (D:11)
  2 water moccasins
  2 ice beasts
  4 orc warriors
  2 swamp drakes (D:10)
  6 ogres
  3 kobold brigands
  4 bullfrogs
  A necrophage (D:4)
  4 scorpions
  21 wights
  7 killer bees
  A howler monkey (D:5)
  A quasit (Sewer)
  A hound (D:6)
  A jelly (D:4)
  5 orc priests
  2 gnoll boudas
  2 iguanas
  7 orc wizards
  14 gnolls
  11 adders
  2 river rats (D:4)
  5 shadow imps
  2 white imps
  5 ufetubi
  3 worms
  A dart slug (D:2)
  43 orcs
  9 endoplasms
  7 giant cockroaches
  7 hobgoblins
  5 jackals
  3 quokkas
  6 ball pythons
  5 bats
  4 frilled lizards
  14 goblins
  21 kobolds
  A kobold zombie (Sewer)
  4 rats
283 creatures vanquished.

Vanquished Creatures (collateral kills)
  An ice statue (D:9)
1 creature vanquished.

Vanquished Creatures (others)
  An endoplasm (Sewer)
  2 kobold zombies (Sewer)
  A plant (D:10)
4 creatures vanquished.

Grand Total: 288 creatures vanquished

Notes
Turn   | Place    | Note
-------+----------+-------------------------------------------
     0 | D:1      | qw the Minotaur Berserker began the quest for the Orb.
     0 | D:1      | Reached XP level 1. HP: 19/19 MP: 0/0
     0 | D:1      | 0 ||| qw: Version: 0.1-a-119-g272c26d
     0 | D:1      | 0 ||| qw: Game counter: 10833
     0 | D:1      | 0 ||| qw: Always use a shield: true
     0 | D:1      | 0 ||| qw: Do Orc after D:15 true
     0 | D:1      | 0 ||| qw: Do second Lair branch before Depths: true
     0 | D:1      | 0 ||| qw: Lair rune preference: random
     0 | D:1      | 0 ||| qw: Plans: Normal
     0 | D:1      | 0 ||| PLANNING D:1-11
     9 | D:1      | 9 ||| Stepping ~*~*~tactically~*~*~ (stealth).
    23 | D:1      | 23 ||| Stepping ~*~*~tactically~*~*~ (stealth).
    36 | D:1      | 36 ||| Stepping ~*~*~tactically~*~*~ (stealth).
    37 | D:1      | 37 ||| Stepping ~*~*~tactically~*~*~ (stealth).
    39 | D:1      | 39 ||| Stepping ~*~*~tactically~*~*~ (stealth).
    41 | D:1      | 41 ||| Stepping ~*~*~tactically~*~*~ (stealth).
    84 | D:1      | Found Vuaqi's Assorted Antiques.
    95 | D:1      | 95 ||| Stepping ~*~*~tactically~*~*~ (stealth).
    97 | D:1      | 97 ||| Stepping ~*~*~tactically~*~*~ (stealth).
   101 | D:1      | 101 ||| SHOPLISTING dark potion (14 gold, have 10).
   101 | D:1      | 101 ||| SHOPLISTING glowing leather armour (80 gold, have
                  | 10).
   101 | D:1      | 101 ||| SHOPLISTING scroll labelled GUNUIRHIWA (16 gold,
                  | have 10).
   101 | D:1      | 101 ||| SHOPLISTING scroll labelled YXULIPSEUTRA (16 gold,
                  | have 10).
   101 | D:1      | 101 ||| SHOPLISTING yellow potion (14 gold, have 10).
   127 | D:1      | Reached skill level 4 in Axes
   258 | D:1      | Reached XP level 2. HP: 26/26 MP: 1/1
   560 | D:1      | Found a faded altar of an unknown god.
   720 | D:1      | 720 ||| UPGRADING to +0 pair of gloves.
   725 | D:1      | 725 ||| UPGRADING to +0 ring mail.
   735 | D:1      | 735 ||| DROPPING +0 animal skin.
   736 | D:1      | 736 ||| READING scroll labelled CUF REECYEPS.
   736 | D:1      | Identified a scroll of acquirement
   736 | D:1      | 736 ||| ACQUIRING +3 pair of gauntlets of War {Slay+5}
   736 | D:1      | Acquired the +3 pair of gauntlets of War {Slay+5}
   736 | D:1      | Found the +3 pair of gauntlets of War {Slay+5}
   738 | D:1      | 738 ||| UPGRADING to +3 pair of gauntlets of War {Slay+5}.
   748 | D:1      | 748 ||| DROPPING +0 pair of gloves.
   749 | D:1      | 749 ||| READING scroll labelled UGU VEUTHRAG.
   750 | D:1      | 750 ||| DRINKING 4 viscous white potions.
   773 | D:2      | Reached skill level 1 in Throwing
   855 | D:2      | 855 ||| Stepping ~*~*~tactically~*~*~ (stealth).
   860 | D:2      | 860 ||| Stepping ~*~*~tactically~*~*~ (stealth).
   863 | D:2      | 863 ||| INVOKING Berserk.
   865 | D:2      | Reached skill level 5 in Axes
   865 | D:2      | Reached XP level 3. HP: 31/31 MP: 2/2
   919 | D:2      | 919 ||| Stepping ~*~*~tactically~*~*~ (hiding).
   922 | D:2      | 922 ||| INVOKING Berserk.
   999 | D:2      | 999 ||| Stepping ~*~*~tactically~*~*~ (stealth).
  1013 | D:2      | Reached XP level 4. HP: 39/39 MP: 3/3
  1181 | D:2      | 1181 ||| Stepping ~*~*~tactically~*~*~ (stealth).
  1188 | D:2      | 1188 ||| Stepping ~*~*~tactically~*~*~ (stealth).
  1259 | D:2      | Reached ** piety under Trog
  1260 | D:2      | Reached skill level 6 in Axes
  1523 | D:2      | 1523 ||| UPGRADING to +0 scale mail.
  1533 | D:2      | 1533 ||| DROPPING +0 ring mail.
  1534 | D:2      | 1534 ||| UPGRADING to +0 cloak.
  1539 | D:2      | 1539 ||| UPGRADING to ring of see invisible.
  1540 | D:2      | 1540 ||| READING scroll labelled QICWAS PELEA.
  1541 | D:2      | 1541 ||| READING scroll labelled TOLELI BENYM.
  1542 | D:2      | 1542 ||| READING scroll labelled XELOAMU SIVVOA.
  1543 | D:2      | 1543 ||| Stepping randomly (stuck).
  1544 | D:2      | 1544 ||| Stepping ~*~*~tactically~*~*~ (cloud).
  1982 | D:3      | 1982 ||| Stepping ~*~*~tactically~*~*~ (stealth).
  2327 | D:3      | 2327 ||| DROPPING amulet of faith.
  2328 | D:3      | 2328 ||| READING scroll labelled GUNUIRHIWA.
  2329 | D:3      | 2329 ||| DRINKING 2 cyan potions.
  2330 | D:3      | 2330 ||| DROPPING potion of brilliance.
  2353 | D:4      | 2353 ||| PLANNING SEWER
  2359 | D:4      | Noticed a necrophage
  2363 | D:4      | Killed a necrophage
  2364 | D:4      | Reached skill level 7 in Axes
  2364 | D:4      | Reached XP level 5. HP: 45/45 MP: 4/4
  2475 | D:4      | 2475 ||| INVOKING Berserk.
  2592 | D:4      | 2592 ||| Stepping ~*~*~tactically~*~*~ (stealth).
  2847 | D:4      | Found a glowing drain.
  2848 | D:4      | 2848 ||| UPGRADING to +0 chain mail.
  2858 | D:4      | 2858 ||| DROPPING +0 scale mail.
  2859 | D:4      | 2859 ||| READING scroll labelled PUSKUSSYPH.
  2860 | D:4      | 2860 ||| READING 2 scrolls labelled IWAR APLAEHALASME.
  2861 | D:4      | 2861 ||| READING scroll of enchant weapon.
  2861 | D:4      | 2861 ||| ENCHANTING +1 hand axe.
  2862 | D:4      | 2862 ||| READING scroll labelled KARGHO VATIEPEE.
  2866 | Sewer    | Entered a sewer
  2934 | Sewer    | Reached XP level 6. HP: 50/52 MP: 5/5
  2956 | Sewer    | 2956 ||| Stepping ~*~*~tactically~*~*~ (stealth).
  2981 | Sewer    | Reached skill level 8 in Axes
  2989 | Sewer    | Reached *** piety under Trog
  2998 | Sewer    | 2998 ||| DROPPING +0 whip.
  3006 | Sewer    | Reached skill level 3 in Armour
  3008 | Sewer    | Found a burning altar of Makhleb.
  3044 | Sewer    | Noticed Grinder
  3045 | Sewer    | 3045 ||| INVOKING Trog's Hand.
  3048 | Sewer    | 3048 ||| INVOKING Berserk.
  3055 | Sewer    | Killed Grinder
  3056 | Sewer    | Reached skill level 3 in Throwing
  3056 | Sewer    | Reached XP level 7. HP: 59/59 MP: 6/6
  3171 | Sewer    | Identified the +12 quarterstaff of the Eel {vorpal, rC++
                  | rN+ MP+9}
  3250 | Sewer    | 3250 ||| DROPPING scarf of invisibility.
  3251 | Sewer    | 3251 ||| READING scroll labelled MOWEQI XUTULI.
  3252 | Sewer    | 3252 ||| READING 2 scrolls of identify.
  3252 | Sewer    | 3252 ||| IDENTIFYING inky potion
  3253 | Sewer    | 3253 ||| DROPPING potion of magic.
  3288 | D:4      | 3288 ||| PLANNING D:1-11
  3341 | D:4      | Found a staircase to the Ecumenical Temple.
  3426 | D:4      | Reached skill level 9 in Axes
  3658 | D:4      | 3658 ||| READING scroll labelled QEPTOR NUUCHY.
  3662 | D:5      | Entered Level 5 of the Dungeon
  3774 | D:5      | Reached XP level 8. HP: 68/68 MP: 7/7
  3815 | D:5      | 3815 ||| Stepping ~*~*~tactically~*~*~ (stealth).
  3825 | D:5      | Reached skill level 10 in Axes
  3984 | D:5      | 3984 ||| READING scroll of enchant weapon.
  3984 | D:5      | 3984 ||| ENCHANTING +2 hand axe of freezing.
  4011 | D:5      | Found an iron altar of Okawaru.
  4135 | D:5      | Reached skill level 6 in Fighting
  4146 | D:5      | 4146 ||| INVOKING Berserk.
  4153 | D:5      | HP: 17/70 [poisoned by a killer bee]
  4605 | D:5      | 4605 ||| INVOKING Berserk.
  4728 | D:5      | 4728 ||| SWAPPING to +0 war axe.
  4729 | D:5      | 4729 ||| DROPPING +3 hand axe of freezing.
  4790 | D:5      | 4790 ||| UPGRADING to +0 plate armour.
  4800 | D:5      | 4800 ||| DROPPING +0 chain mail.
  4801 | D:5      | 4801 ||| READING 2 scrolls labelled ILIC PEVVAPAW.
  4805 | D:5      | 4805 ||| DRINKING 3 metallic green potions.
  4805 | D:5      | Gained mutation: You are partially covered in iridescent
                  | scales. (AC +2) [potion of mutation]
  4805 | D:5      | Gained mutation: You passively dampen the noise of your
                  | surroundings. [potion of mutation]
  4805 | D:5      | Gained mutation: You possess an exceptional clarity of
                  | mind. [potion of mutation]
  4856 | D:6      | 4856 ||| READING scroll of brand weapon.
  4856 | D:6      | 4856 ||| BRANDING +0 war axe.
  4857 | D:6      | 4857 ||| DROPPING +0 whip of venom.
  4890 | D:6      | Reached skill level 11 in Axes
  4936 | D:6      | 4936 ||| Stepping ~*~*~tactically~*~*~ (hiding).
  4948 | D:6      | 4948 ||| Stepping ~*~*~tactically~*~*~ (stealth).
  4949 | D:6      | 4949 ||| INVOKING Berserk.
  5008 | D:6      | 5008 ||| INVOKING Berserk.
  5147 | D:6      | 5147 ||| Stepping ~*~*~tactically~*~*~ (hiding).
  5373 | D:6      | Noticed Edmund
  5375 | D:6      | 5375 ||| INVOKING Berserk.
  5378 | D:6      | Killed Edmund
  5379 | D:6      | Reached XP level 9. HP: 75/75 MP: 8/8
  5525 | D:6      | Noticed Prince Ribbit
  5526 | D:6      | 5526 ||| INVOKING Berserk.
  5529 | D:6      | Killed Prince Ribbit
  5530 | D:6      | Reached skill level 12 in Axes
  5694 | D:6      | 5694 ||| Stepping ~*~*~tactically~*~*~ (hiding).
  5711 | D:6      | 5711 ||| Stepping ~*~*~tactically~*~*~ (hiding).
  5712 | D:6      | 5712 ||| Stepping ~*~*~tactically~*~*~ (hiding).
  5713 | D:6      | 5713 ||| Stepping ~*~*~tactically~*~*~ (hiding).
  5714 | D:6      | 5714 ||| Stepping ~*~*~tactically~*~*~ (hiding).
  5843 | D:6      | 5843 ||| Stepping ~*~*~tactically~*~*~ (hiding).
  5845 | D:6      | 5845 ||| INVOKING Berserk.
  6153 | D:6      | Reached skill level 6 in Armour
  6246 | D:6      | 6246 ||| DRINKING 4 black potions.
  6247 | D:6      | 6247 ||| READING 2 scrolls of identify.
  6247 | D:6      | 6247 ||| IDENTIFYING fizzy inky potion
  6248 | D:6      | 6248 ||| DROPPING potion of invisibility.
  6249 | D:6      | 6249 ||| DROPPING 3 potions of degeneration.
  6378 | D:7      | 6378 ||| FLEEEEING.
  6379 | D:7      | 6379 ||| FLEEEEING.
  6380 | D:7      | 6380 ||| FLEEEEING.
  6381 | D:7      | 6381 ||| FLEEEEING.
  6382 | D:7      | 6382 ||| FLEEEEING.
  6385 | D:7      | 6385 ||| INVOKING Berserk.
  6559 | D:7      | 6559 ||| Stepping ~*~*~tactically~*~*~ (hiding).
  6564 | D:7      | 6564 ||| INVOKING Berserk.
  6745 | D:7      | Reached skill level 13 in Axes
  6748 | D:7      | Reached **** piety under Trog
  7071 | D:7      | 7071 ||| UPGRADING to +6 ring of strength.
  7072 | D:7      | 7072 ||| READING scroll labelled YXULIPSEUTRA.
  7073 | D:7      | 7073 ||| READING 2 scrolls of identify.
  7073 | D:7      | 7073 ||| IDENTIFYING yellow potion
  7074 | D:7      | 7074 ||| DROPPING potion of flight.
  7286 | D:8      | 7286 ||| Stepping ~*~*~tactically~*~*~ (stealth).
  7289 | D:8      | 7289 ||| Stepping ~*~*~tactically~*~*~ (stealth).
  7293 | D:8      | 7293 ||| INVOKING Berserk.
  7553 | D:8      | Noticed a purple ugly thing
  7557 | D:8      | Killed a purple ugly thing
  7558 | D:8      | Reached XP level 10. HP: 88/88 MP: 9/9
  7559 | D:8      | 7559 ||| Stepping ~*~*~tactically~*~*~ (stealth).
  7623 | D:8      | Reached skill level 14 in Axes
  7813 | D:8      | Found a transporter.
  7862 | D:8      | Found a transporter.
  7865 | D:8      | Found a viscous altar of Jiyva.
  7866 | D:8      | Noticed a great orb of eyes
  7919 | D:8      | 7919 ||| INVOKING Berserk.
  8124 | D:8      | 8124 ||| DRINKING 3 metallic emerald potions.
  8153 | D:8      | 8153 ||| DRINKING 2 dark potions.
  8154 | D:8      | 8154 ||| DROPPING 2 potions of lignification.
  8259 | D:9      | 8259 ||| Stepping ~*~*~tactically~*~*~ (stealth).
  8270 | D:9      | Reached skill level 15 in Axes
  8529 | D:9      | Noticed an ice statue
  8530 | D:9      | 8530 ||| INVOKING Brothers in Arms.
  8531 | D:9      | 8531 ||| INVOKING Brothers in Arms.
  8537 | D:9      | Killed an ice statue
  8538 | D:9      | Reached skill level 9 in Fighting
  8832 | D:9      | Reached skill level 3 in Dodging
  8940 | D:9      | 8940 ||| DRINKING 2 viscous purple potions.
  8941 | D:9      | 8941 ||| READING 2 scrolls of identify.
  8941 | D:9      | 8941 ||| IDENTIFYING pink potion
  8957 | D:10     | Entered Level 10 of the Dungeon
  8982 | D:10     | 8982 ||| Stepping ~*~*~tactically~*~*~ (stealth).
  8982 | D:10     | Noticed a gargoyle
  8983 | D:10     | 8983 ||| Stepping ~*~*~tactically~*~*~ (stealth).
  8999 | D:10     | Killed a gargoyle
  9145 | D:10     | 9145 ||| Stepping ~*~*~tactically~*~*~ (hiding).
  9148 | D:10     | 9148 ||| INVOKING Berserk.
  9152 | D:10     | Reached skill level 16 in Axes
  9152 | D:10     | Reached XP level 11. HP: 97/97 MP: 10/10
  9308 | D:10     | Found Betacemn's Weapon Emporium.
  9309 | D:10     | Noticed Maggie
  9310 | D:10     | 9310 ||| Stepping ~*~*~tactically~*~*~ (hiding).
  9325 | D:10     | Killed Maggie
  9398 | D:10     | 9398 ||| SWAPPING to +0 broad axe.
  9409 | D:10     | 9409 ||| Stepping ~*~*~tactically~*~*~ (hiding).
  9560 | D:10     | 9560 ||| Stepping ~*~*~tactically~*~*~ (stealth).
  9653 | D:10     | Found a staircase to the Lair.
  9655 | D:10     | You fall into a shaft and drop 1 floor!
  9678 | D:11     | Found a staircase to the Orcish Mines.
  9720 | D:11     | 9720 ||| INVOKING Berserk.
  9744 | D:11     | 9744 ||| Stepping ~*~*~tactically~*~*~ (stealth).
  9947 | D:11     | 9947 ||| Stepping ~*~*~tactically~*~*~ (hiding).
 10030 | D:11     | 10030 ||| READING 2 scrolls of identify.
 10030 | D:11     | 10030 ||| IDENTIFYING red potion
 10031 | D:11     | 10031 ||| DROPPING potion of attraction.
 10097 | D:10     | Reached skill level 17 in Axes
 10392 | D:10     | 10392 ||| DRINKING 2 potions of resistance.
 10396 | D:10     | Reached ***** piety under Trog
 10532 | D:10     | 10532 ||| PLANNING LAIR
 10532 | D:10     | 10532 ||| READING 5 scrolls of teleportation.
 10537 | D:10     | 10537 ||| READING 4 scrolls of teleportation.
 10541 | D:10     | 10541 ||| READING 3 scrolls of teleportation.
 10546 | D:10     | 10546 ||| READING 2 scrolls of teleportation.
 10549 | D:10     | 10549 ||| READING scroll of teleportation.
 10554 | D:10     | 10554 ||| Stepping randomly (stuck).
 10555 | D:10     | 10555 ||| Stepping randomly (stuck).
 10556 | D:10     | 10556 ||| Stepping randomly (stuck).
 10557 | D:10     | 10557 ||| Stepping randomly (stuck).
 10558 | D:10     | 10558 ||| Stepping randomly (stuck).
 10559 | D:10     | 10559 ||| Stepping randomly (stuck).
 10560 | D:10     | 10560 ||| Stepping randomly (stuck).
 10561 | D:10     | 10561 ||| Stepping randomly (stuck).
 10562 | D:10     | 10562 ||| Stepping randomly (stuck).
 10563 | D:10     | 10563 ||| Stepping randomly (stuck).
 10564 | D:10     | 10564 ||| Stepping randomly (stuck).
 10565 | D:10     | 10565 ||| Stepping randomly (stuck).
 10566 | D:10     | 10566 ||| Stepping randomly (stuck).
 10567 | D:10     | 10567 ||| Stepping randomly (stuck).
 10568 | D:10     | 10568 ||| Stepping randomly (stuck).
 10569 | D:10     | 10569 ||| Stepping randomly (stuck).
 10570 | D:10     | 10570 ||| Stepping randomly (stuck).
 10571 | D:10     | 10571 ||| Stepping randomly (stuck).
 10572 | D:10     | 10572 ||| Stepping randomly (stuck).
 10573 | D:10     | 10573 ||| Stepping randomly (stuck).
 10574 | D:10     | 10574 ||| Stepping randomly (stuck).
 10575 | D:10     | 10575 ||| Stepping randomly (stuck).
 10576 | D:10     | 10576 ||| Stepping randomly (stuck).
 10577 | D:10     | 10577 ||| Stepping randomly (stuck).
 10578 | D:10     | 10578 ||| Stepping randomly (stuck).
 10579 | D:10     | 10579 ||| Stepping randomly (stuck).
 10580 | D:10     | 10580 ||| Stepping randomly (stuck).
 10581 | D:10     | 10581 ||| Stepping randomly (stuck).
 10582 | D:10     | 10582 ||| Stepping randomly (stuck).
 10583 | D:10     | 10583 ||| Stepping randomly (stuck).
 10584 | D:10     | 10584 ||| Stepping randomly (stuck).
 10585 | D:10     | 10585 ||| Stepping randomly (stuck).
 10586 | D:10     | 10586 ||| Stepping randomly (stuck).
 10587 | D:10     | 10587 ||| Stepping randomly (stuck).
 10588 | D:10     | 10588 ||| Stepping randomly (stuck).
 10589 | D:10     | 10589 ||| Stepping randomly (stuck).
 10590 | D:10     | 10590 ||| Stepping randomly (stuck).
 10591 | D:10     | 10591 ||| Stepping randomly (stuck).
 10592 | D:10     | 10592 ||| Stepping randomly (stuck).
 10593 | D:10     | 10593 ||| Stepping randomly (stuck).
 10594 | D:10     | 10594 ||| Stepping randomly (stuck).
 10595 | D:10     | 10595 ||| Stepping randomly (stuck).
 10596 | D:10     | 10596 ||| Stepping randomly (stuck).
 10597 | D:10     | 10597 ||| Stepping randomly (stuck).
 10598 | D:10     | 10598 ||| Stepping randomly (stuck).
 10599 | D:10     | 10599 ||| Stepping randomly (stuck).
 10600 | D:10     | 10600 ||| Stepping randomly (stuck).
 10601 | D:10     | 10601 ||| Stepping randomly (stuck).
 10602 | D:10     | 10602 ||| Stepping randomly (stuck).
 10603 | D:10     | 10603 ||| Stepping randomly (stuck).
 10604 | D:10     | 10604 ||| Stepping randomly (stuck).
 10605 | D:10     | 10605 ||| Stepping randomly (stuck).
 10606 | D:10     | 10606 ||| Stepping randomly (stuck).
 10607 | D:10     | 10607 ||| Stepping randomly (stuck).
 10608 | D:10     | 10608 ||| Stepping randomly (stuck).
 10609 | D:10     | 10609 ||| Stepping randomly (stuck).
 10610 | D:10     | 10610 ||| Stepping randomly (stuck).
 10611 | D:10     | 10611 ||| Stepping randomly (stuck).
 10612 | D:10     | 10612 ||| Stepping randomly (stuck).
 10613 | D:10     | 10613 ||| Stepping randomly (stuck).
 10614 | D:10     | 10614 ||| Stepping randomly (stuck).
 10615 | D:10     | 10615 ||| Stepping randomly (stuck).
 10616 | D:10     | 10616 ||| Stepping randomly (stuck).
 10617 | D:10     | 10617 ||| Stepping randomly (stuck).
 10618 | D:10     | 10618 ||| Stepping randomly (stuck).
 10619 | D:10     | 10619 ||| Stepping randomly (stuck).
 10620 | D:10     | 10620 ||| Stepping randomly (stuck).
 10621 | D:10     | 10621 ||| Stepping randomly (stuck).
 10622 | D:10     | 10622 ||| Stepping randomly (stuck).
 10623 | D:10     | 10623 ||| Stepping randomly (stuck).
 10624 | D:10     | 10624 ||| Stepping randomly (stuck).
 10625 | D:10     | 10625 ||| Stepping randomly (stuck).
 10626 | D:10     | 10626 ||| Stepping randomly (stuck).
 10627 | D:10     | 10627 ||| Stepping randomly (stuck).
 10628 | D:10     | 10628 ||| Stepping randomly (stuck).
 10629 | D:10     | 10629 ||| Stepping randomly (stuck).
 10630 | D:10     | 10630 ||| Stepping randomly (stuck).
 10631 | D:10     | 10631 ||| Stepping randomly (stuck).
 10632 | D:10     | 10632 ||| Stepping randomly (stuck).
 10633 | D:10     | 10633 ||| Stepping randomly (stuck).
 10634 | D:10     | 10634 ||| Stepping randomly (stuck).
 10635 | D:10     | 10635 ||| Stepping randomly (stuck).
 10636 | D:10     | 10636 ||| Stepping randomly (stuck).
 10637 | D:10     | 10637 ||| Stepping randomly (stuck).
 10638 | D:10     | 10638 ||| Stepping randomly (stuck).
 10639 | D:10     | 10639 ||| Stepping randomly (stuck).
 10640 | D:10     | 10640 ||| Stepping randomly (stuck).
 10641 | D:10     | 10641 ||| Stepping randomly (stuck).
 10642 | D:10     | 10642 ||| Stepping randomly (stuck).
 10643 | D:10     | 10643 ||| Stepping randomly (stuck).
 10644 | D:10     | 10644 ||| Stepping randomly (stuck).
 10645 | D:10     | 10645 ||| Stepping randomly (stuck).
 10646 | D:10     | 10646 ||| Stepping randomly (stuck).
 10647 | D:10     | 10647 ||| Stepping randomly (stuck).
 10648 | D:10     | 10648 ||| Stepping randomly (stuck).
 10649 | D:10     | 10649 ||| Stepping randomly (stuck).
 10650 | D:10     | 10650 ||| Stepping randomly (stuck).
 10651 | D:10     | 10651 ||| Stepping randomly (stuck).
 10652 | D:10     | 10652 ||| Stepping randomly (stuck).
 10653 | D:10     | 10653 ||| Stepping randomly (stuck).
 10654 | D:10     | 10654 ||| Stepping randomly (stuck).
 10655 | D:10     | 10655 ||| Stepping randomly (stuck).
 10656 | D:10     | 10656 ||| Stepping randomly (stuck).
 10657 | D:10     | 10657 ||| Stepping randomly (stuck).
 10658 | D:10     | 10658 ||| Stepping randomly (stuck).
 10659 | D:10     | 10659 ||| Stepping randomly (stuck).
 10660 | D:10     | 10660 ||| Stepping randomly (stuck).
 10661 | D:10     | 10661 ||| Stepping randomly (stuck).
 10662 | D:10     | 10662 ||| Stepping randomly (stuck).
 10663 | D:10     | 10663 ||| Stepping randomly (stuck).
 10664 | D:10     | 10664 ||| Stepping randomly (stuck).
 10665 | D:10     | 10665 ||| Stepping randomly (stuck).
 10666 | D:10     | 10666 ||| Stepping randomly (stuck).
 10667 | D:10     | 10667 ||| Stepping randomly (stuck).
 10668 | D:10     | 10668 ||| Stepping randomly (stuck).
 10669 | D:10     | 10669 ||| Stepping randomly (stuck).
 10670 | D:10     | 10670 ||| Stepping randomly (stuck).
 10671 | D:10     | 10671 ||| Stepping randomly (stuck).
 10672 | D:10     | 10672 ||| Stepping randomly (stuck).
 10673 | D:10     | 10673 ||| Stepping randomly (stuck).
 10674 | D:10     | 10674 ||| Stepping randomly (stuck).
 10675 | D:10     | 10675 ||| Stepping randomly (stuck).
 10676 | D:10     | 10676 ||| Stepping randomly (stuck).
 10677 | D:10     | 10677 ||| Stepping randomly (stuck).
 10678 | D:10     | 10678 ||| Stepping randomly (stuck).
 10679 | D:10     | 10679 ||| Stepping randomly (stuck).
 10680 | D:10     | 10680 ||| Stepping randomly (stuck).
 10681 | D:10     | 10681 ||| Stepping randomly (stuck).
 10682 | D:10     | 10682 ||| Stepping randomly (stuck).
 10683 | D:10     | 10683 ||| Stepping randomly (stuck).
 10684 | D:10     | 10684 ||| Stepping randomly (stuck).
 10685 | D:10     | 10685 ||| Stepping randomly (stuck).
 10686 | D:10     | 10686 ||| Stepping randomly (stuck).
 10687 | D:10     | 10687 ||| Stepping randomly (stuck).
 10688 | D:10     | 10688 ||| Stepping randomly (stuck).
 10689 | D:10     | 10689 ||| Stepping randomly (stuck).
 10690 | D:10     | 10690 ||| Stepping randomly (stuck).
 10691 | D:10     | 10691 ||| Stepping randomly (stuck).
 10692 | D:10     | 10692 ||| Stepping randomly (stuck).
 10693 | D:10     | 10693 ||| Stepping randomly (stuck).
 10694 | D:10     | 10694 ||| Stepping randomly (stuck).
 10695 | D:10     | 10695 ||| Stepping randomly (stuck).
 10696 | D:10     | 10696 ||| Stepping randomly (stuck).
 10697 | D:10     | 10697 ||| Stepping randomly (stuck).
 10698 | D:10     | 10698 ||| Stepping randomly (stuck).
 10699 | D:10     | 10699 ||| Stepping randomly (stuck).
 10700 | D:10     | 10700 ||| Stepping randomly (stuck).
 10701 | D:10     | 10701 ||| Stepping randomly (stuck).
 10702 | D:10     | 10702 ||| Stepping randomly (stuck).
 10703 | D:10     | 10703 ||| Stepping randomly (stuck).
 10704 | D:10     | 10704 ||| Stepping randomly (stuck).
 10705 | D:10     | 10705 ||| Stepping randomly (stuck).
 10706 | D:10     | 10706 ||| Stepping randomly (stuck).
 10707 | D:10     | 10707 ||| Stepping randomly (stuck).
 10708 | D:10     | 10708 ||| Stepping randomly (stuck).
 10709 | D:10     | 10709 ||| Stepping randomly (stuck).
 10710 | D:10     | 10710 ||| Stepping randomly (stuck).
 10711 | D:10     | 10711 ||| Stepping randomly (stuck).
 10712 | D:10     | 10712 ||| Stepping randomly (stuck).
 10713 | D:10     | 10713 ||| Stepping randomly (stuck).
 10714 | D:10     | 10714 ||| Stepping randomly (stuck).
 10715 | D:10     | 10715 ||| Stepping randomly (stuck).
 10716 | D:10     | 10716 ||| Stepping randomly (stuck).
 10717 | D:10     | 10717 ||| Stepping randomly (stuck).
 10718 | D:10     | 10718 ||| Stepping randomly (stuck).
 10719 | D:10     | 10719 ||| Stepping randomly (stuck).
 10720 | D:10     | 10720 ||| Stepping randomly (stuck).
 10721 | D:10     | 10721 ||| Stepping randomly (stuck).
 10722 | D:10     | 10722 ||| Stepping randomly (stuck).
 10723 | D:10     | 10723 ||| Stepping randomly (stuck).
 10724 | D:10     | 10724 ||| Stepping randomly (stuck).
 10725 | D:10     | 10725 ||| Stepping randomly (stuck).
 10726 | D:10     | 10726 ||| Stepping randomly (stuck).
 10727 | D:10     | 10727 ||| Stepping randomly (stuck).
 10728 | D:10     | 10728 ||| Stepping randomly (stuck).
 10729 | D:10     | 10729 ||| Stepping randomly (stuck).
 10730 | D:10     | 10730 ||| Stepping randomly (stuck).
 10731 | D:10     | 10731 ||| Stepping randomly (stuck).
 10732 | D:10     | 10732 ||| Stepping randomly (stuck).
 10733 | D:10     | 10733 ||| Stepping randomly (stuck).
 10734 | D:10     | 10734 ||| Stepping randomly (stuck).
 10735 | D:10     | 10735 ||| Stepping randomly (stuck).
 10736 | D:10     | 10736 ||| Stepping randomly (stuck).
 10737 | D:10     | 10737 ||| Stepping randomly (stuck).
 10738 | D:10     | 10738 ||| Stepping randomly (stuck).
 10739 | D:10     | 10739 ||| Stepping randomly (stuck).
 10740 | D:10     | 10740 ||| Stepping randomly (stuck).
 10741 | D:10     | 10741 ||| Stepping randomly (stuck).
 10742 | D:10     | 10742 ||| Stepping randomly (stuck).
 10743 | D:10     | 10743 ||| Stepping randomly (stuck).
 10744 | D:10     | 10744 ||| Stepping randomly (stuck).
 10745 | D:10     | 10745 ||| Stepping randomly (stuck).
 10746 | D:10     | 10746 ||| Stepping randomly (stuck).
 10747 | D:10     | 10747 ||| Stepping randomly (stuck).
 10748 | D:10     | 10748 ||| Stepping randomly (stuck).
 10749 | D:10     | 10749 ||| Stepping randomly (stuck).
 10750 | D:10     | 10750 ||| Stepping randomly (stuck).
 10751 | D:10     | 10751 ||| Stepping randomly (stuck).
 10752 | D:10     | 10752 ||| Stepping randomly (stuck).
 10753 | D:10     | 10753 ||| Stepping randomly (stuck).
 10754 | D:10     | 10754 ||| Stepping randomly (stuck).
 10755 | D:10     | 10755 ||| Stepping randomly (stuck).
 10756 | D:10     | 10756 ||| Stepping randomly (stuck).
 10757 | D:10     | 10757 ||| Stepping randomly (stuck).
 10758 | D:10     | 10758 ||| Stepping randomly (stuck).
 10759 | D:10     | 10759 ||| Stepping randomly (stuck).
 10760 | D:10     | 10760 ||| Stepping randomly (stuck).
 10761 | D:10     | 10761 ||| Stepping randomly (stuck).
 10762 | D:10     | 10762 ||| Stepping randomly (stuck).
 10763 | D:10     | 10763 ||| Stepping randomly (stuck).
 10764 | D:10     | 10764 ||| Stepping randomly (stuck).
 10765 | D:10     | 10765 ||| Stepping randomly (stuck).
 10766 | D:10     | 10766 ||| Stepping randomly (stuck).
 10767 | D:10     | 10767 ||| Stepping randomly (stuck).
 10768 | D:10     | 10768 ||| Stepping randomly (stuck).
 10769 | D:10     | 10769 ||| Stepping randomly (stuck).
 10770 | D:10     | 10770 ||| Stepping randomly (stuck).
 10771 | D:10     | 10771 ||| Stepping randomly (stuck).
 10772 | D:10     | 10772 ||| Stepping randomly (stuck).
 10773 | D:10     | 10773 ||| Stepping randomly (stuck).
 10774 | D:10     | 10774 ||| Stepping randomly (stuck).
 10775 | D:10     | 10775 ||| Stepping randomly (stuck).
 10776 | D:10     | 10776 ||| Stepping randomly (stuck).
 10777 | D:10     | 10777 ||| Stepping randomly (stuck).
 10778 | D:10     | 10778 ||| Stepping randomly (stuck).
 10779 | D:10     | 10779 ||| Stepping randomly (stuck).
 10780 | D:10     | 10780 ||| Stepping randomly (stuck).
 10781 | D:10     | 10781 ||| Stepping randomly (stuck).
 10782 | D:10     | 10782 ||| Stepping randomly (stuck).
 10783 | D:10     | 10783 ||| Stepping randomly (stuck).
 10784 | D:10     | 10784 ||| Stepping randomly (stuck).
 10785 | D:10     | 10785 ||| Stepping randomly (stuck).
 10786 | D:10     | 10786 ||| Stepping randomly (stuck).
 10787 | D:10     | 10787 ||| Stepping randomly (stuck).
 10788 | D:10     | 10788 ||| Stepping randomly (stuck).
 10789 | D:10     | 10789 ||| Stepping randomly (stuck).
 10790 | D:10     | 10790 ||| Stepping randomly (stuck).
 10791 | D:10     | 10791 ||| Stepping randomly (stuck).
 10792 | D:10     | 10792 ||| Stepping randomly (stuck).
 10793 | D:10     | 10793 ||| Stepping randomly (stuck).
 10794 | D:10     | 10794 ||| Stepping randomly (stuck).
 10795 | D:10     | 10795 ||| Stepping randomly (stuck).
 10796 | D:10     | 10796 ||| Stepping randomly (stuck).
 10797 | D:10     | 10797 ||| Stepping randomly (stuck).
 10798 | D:10     | 10798 ||| Stepping randomly (stuck).
 10799 | D:10     | 10799 ||| Stepping randomly (stuck).
 10800 | D:10     | 10800 ||| Stepping randomly (stuck).
 10801 | D:10     | 10801 ||| Stepping randomly (stuck).
 10802 | D:10     | 10802 ||| Stepping randomly (stuck).
 10803 | D:10     | 10803 ||| Stepping randomly (stuck).
 10804 | D:10     | 10804 ||| Stepping randomly (stuck).
 10805 | D:10     | 10805 ||| Stepping randomly (stuck).
 10806 | D:10     | 10806 ||| Stepping randomly (stuck).
 10807 | D:10     | 10807 ||| Stepping randomly (stuck).
 10808 | D:10     | 10808 ||| Stepping randomly (stuck).
 10809 | D:10     | 10809 ||| Stepping randomly (stuck).
 10810 | D:10     | 10810 ||| Stepping randomly (stuck).
 10811 | D:10     | 10811 ||| Stepping randomly (stuck).
 10812 | D:10     | 10812 ||| Stepping randomly (stuck).
 10813 | D:10     | 10813 ||| Stepping randomly (stuck).
 10814 | D:10     | 10814 ||| Stepping randomly (stuck).
 10815 | D:10     | 10815 ||| Stepping randomly (stuck).
 10816 | D:10     | 10816 ||| Stepping randomly (stuck).
 10817 | D:10     | 10817 ||| Stepping randomly (stuck).
 10818 | D:10     | 10818 ||| Stepping randomly (stuck).
 10819 | D:10     | 10819 ||| Stepping randomly (stuck).
 10820 | D:10     | 10820 ||| Stepping randomly (stuck).
 10821 | D:10     | 10821 ||| Stepping randomly (stuck).
 10822 | D:10     | 10822 ||| Stepping randomly (stuck).
 10823 | D:10     | 10823 ||| Stepping randomly (stuck).
 10824 | D:10     | 10824 ||| Stepping randomly (stuck).
 10825 | D:10     | 10825 ||| Stepping randomly (stuck).
 10826 | D:10     | 10826 ||| Stepping randomly (stuck).
 10827 | D:10     | 10827 ||| Stepping randomly (stuck).
 10828 | D:10     | 10828 ||| Stepping randomly (stuck).
 10829 | D:10     | 10829 ||| Stepping randomly (stuck).
 10830 | D:10     | 10830 ||| Stepping randomly (stuck).
 10831 | D:10     | 10831 ||| Stepping randomly (stuck).
 10832 | D:10     | 10832 ||| Stepping randomly (stuck).
 10833 | D:10     | 10833 ||| Stepping randomly (stuck).
 10834 | D:10     | 10834 ||| Stepping randomly (stuck).
 10835 | D:10     | 10835 ||| Stepping randomly (stuck).
 10836 | D:10     | 10836 ||| Stepping randomly (stuck).
 10837 | D:10     | 10837 ||| Stepping randomly (stuck).
 10838 | D:10     | 10838 ||| Stepping randomly (stuck).
 10839 | D:10     | 10839 ||| Stepping randomly (stuck).
 10840 | D:10     | 10840 ||| Stepping randomly (stuck).
 10841 | D:10     | 10841 ||| Stepping randomly (stuck).
 10842 | D:10     | 10842 ||| Stepping randomly (stuck).
 10843 | D:10     | 10843 ||| Stepping randomly (stuck).
 10844 | D:10     | 10844 ||| Stepping randomly (stuck).
 10845 | D:10     | 10845 ||| Stepping randomly (stuck).
 10846 | D:10     | 10846 ||| Stepping randomly (stuck).
 10847 | D:10     | 10847 ||| Stepping randomly (stuck).
 10848 | D:10     | 10848 ||| Stepping randomly (stuck).
 10849 | D:10     | 10849 ||| Stepping randomly (stuck).
 10850 | D:10     | 10850 ||| Stepping randomly (stuck).
 10851 | D:10     | 10851 ||| Stepping randomly (stuck).
 10852 | D:10     | 10852 ||| Stepping randomly (stuck).
 10853 | D:10     | 10853 ||| Stepping randomly (stuck).
 10854 | D:10     | 10854 ||| Stepping randomly (stuck).
 10855 | D:10     | 10855 ||| Stepping randomly (stuck).
 10856 | D:10     | 10856 ||| Stepping randomly (stuck).
 10857 | D:10     | 10857 ||| Stepping randomly (stuck).
 10858 | D:10     | 10858 ||| Stepping randomly (stuck).
 10859 | D:10     | 10859 ||| Stepping randomly (stuck).
 10860 | D:10     | 10860 ||| Stepping randomly (stuck).
 10861 | D:10     | 10861 ||| Stepping randomly (stuck).
 10862 | D:10     | 10862 ||| Stepping randomly (stuck).
 10863 | D:10     | 10863 ||| Stepping randomly (stuck).
 10864 | D:10     | 10864 ||| Stepping randomly (stuck).
 10865 | D:10     | 10865 ||| Stepping randomly (stuck).
 10866 | D:10     | 10866 ||| Stepping randomly (stuck).
 10867 | D:10     | 10867 ||| Stepping randomly (stuck).
 10868 | D:10     | 10868 ||| Stepping randomly (stuck).
 10869 | D:10     | 10869 ||| Stepping randomly (stuck).
 10870 | D:10     | 10870 ||| Stepping randomly (stuck).
 10871 | D:10     | 10871 ||| Stepping randomly (stuck).
 10872 | D:10     | 10872 ||| Stepping randomly (stuck).
 10873 | D:10     | 10873 ||| Stepping randomly (stuck).
 10874 | D:10     | 10874 ||| Stepping randomly (stuck).
 10875 | D:10     | 10875 ||| Stepping randomly (stuck).
 10876 | D:10     | 10876 ||| Stepping randomly (stuck).
 10877 | D:10     | 10877 ||| Stepping randomly (stuck).
 10878 | D:10     | 10878 ||| Stepping randomly (stuck).
 10879 | D:10     | 10879 ||| Stepping randomly (stuck).
 10880 | D:10     | 10880 ||| Stepping randomly (stuck).
 10881 | D:10     | 10881 ||| Stepping randomly (stuck).
 10882 | D:10     | 10882 ||| Stepping randomly (stuck).
 10883 | D:10     | 10883 ||| Stepping randomly (stuck).
 10884 | D:10     | 10884 ||| Stepping randomly (stuck).
 10885 | D:10     | 10885 ||| Stepping randomly (stuck).
 10886 | D:10     | 10886 ||| Stepping randomly (stuck).
 10887 | D:10     | 10887 ||| Stepping randomly (stuck).
 10888 | D:10     | 10888 ||| Stepping randomly (stuck).
 10889 | D:10     | 10889 ||| Stepping randomly (stuck).
 10890 | D:10     | 10890 ||| Stepping randomly (stuck).
 10891 | D:10     | 10891 ||| Stepping randomly (stuck).
 10892 | D:10     | 10892 ||| Stepping randomly (stuck).
 10893 | D:10     | 10893 ||| Stepping randomly (stuck).
 10894 | D:10     | 10894 ||| Stepping randomly (stuck).
 10895 | D:10     | 10895 ||| Stepping randomly (stuck).
 10896 | D:10     | 10896 ||| Stepping randomly (stuck).
 10897 | D:10     | 10897 ||| Stepping randomly (stuck).
 10898 | D:10     | 10898 ||| Stepping randomly (stuck).
 10899 | D:10     | 10899 ||| Stepping randomly (stuck).
 10900 | D:10     | 10900 ||| Stepping randomly (stuck).
 10901 | D:10     | 10901 ||| Stepping randomly (stuck).
 10902 | D:10     | 10902 ||| Stepping randomly (stuck).
 10903 | D:10     | 10903 ||| Stepping randomly (stuck).
 10904 | D:10     | 10904 ||| Stepping randomly (stuck).
 10905 | D:10     | 10905 ||| Stepping randomly (stuck).
 10906 | D:10     | 10906 ||| Stepping randomly (stuck).
 10907 | D:10     | 10907 ||| Stepping randomly (stuck).
 10908 | D:10     | 10908 ||| Stepping randomly (stuck).
 10909 | D:10     | 10909 ||| Stepping randomly (stuck).
 10910 | D:10     | 10910 ||| Stepping randomly (stuck).
 10911 | D:10     | 10911 ||| Stepping randomly (stuck).
 10912 | D:10     | 10912 ||| Stepping randomly (stuck).
 10913 | D:10     | 10913 ||| Stepping randomly (stuck).
 10914 | D:10     | 10914 ||| Stepping randomly (stuck).
 10915 | D:10     | 10915 ||| Stepping randomly (stuck).
 10916 | D:10     | 10916 ||| Stepping randomly (stuck).
 10917 | D:10     | 10917 ||| Stepping randomly (stuck).
 10918 | D:10     | 10918 ||| Stepping randomly (stuck).
 10919 | D:10     | 10919 ||| Stepping randomly (stuck).
 10920 | D:10     | 10920 ||| Stepping randomly (stuck).
 10921 | D:10     | 10921 ||| Stepping randomly (stuck).
 10922 | D:10     | 10922 ||| Stepping randomly (stuck).
 10923 | D:10     | 10923 ||| Stepping randomly (stuck).
 10924 | D:10     | 10924 ||| Stepping randomly (stuck).
 10925 | D:10     | 10925 ||| Stepping randomly (stuck).
 10926 | D:10     | 10926 ||| Stepping randomly (stuck).
 10927 | D:10     | 10927 ||| Stepping randomly (stuck).
 10928 | D:10     | 10928 ||| Stepping randomly (stuck).
 10929 | D:10     | 10929 ||| Stepping randomly (stuck).
 10930 | D:10     | 10930 ||| Stepping randomly (stuck).
 10931 | D:10     | 10931 ||| Stepping randomly (stuck).
 10932 | D:10     | 10932 ||| Stepping randomly (stuck).
 10933 | D:10     | 10933 ||| Stepping randomly (stuck).
 10934 | D:10     | 10934 ||| Stepping randomly (stuck).
 10935 | D:10     | 10935 ||| Stepping randomly (stuck).
 10936 | D:10     | 10936 ||| Stepping randomly (stuck).
 10937 | D:10     | 10937 ||| Stepping randomly (stuck).
 10938 | D:10     | 10938 ||| Stepping randomly (stuck).
 10939 | D:10     | 10939 ||| Stepping randomly (stuck).
 10940 | D:10     | 10940 ||| Stepping randomly (stuck).
 10941 | D:10     | 10941 ||| Stepping randomly (stuck).
 10942 | D:10     | 10942 ||| Stepping randomly (stuck).
 10943 | D:10     | 10943 ||| Stepping randomly (stuck).
 10944 | D:10     | 10944 ||| Stepping randomly (stuck).
 10945 | D:10     | 10945 ||| Stepping randomly (stuck).
 10946 | D:10     | 10946 ||| Stepping randomly (stuck).
 10947 | D:10     | 10947 ||| Stepping randomly (stuck).
 10948 | D:10     | 10948 ||| Stepping randomly (stuck).
 10949 | D:10     | 10949 ||| Stepping randomly (stuck).
 10950 | D:10     | 10950 ||| Stepping randomly (stuck).
 10951 | D:10     | 10951 ||| Stepping randomly (stuck).
 10952 | D:10     | 10952 ||| Stepping randomly (stuck).
 10953 | D:10     | 10953 ||| Stepping randomly (stuck).
 10954 | D:10     | 10954 ||| Stepping randomly (stuck).
 10955 | D:10     | 10955 ||| Stepping randomly (stuck).
 10956 | D:10     | 10956 ||| Stepping randomly (stuck).
 10957 | D:10     | 10957 ||| Stepping randomly (stuck).
 10958 | D:10     | 10958 ||| Stepping randomly (stuck).
 10959 | D:10     | 10959 ||| Stepping randomly (stuck).
 10960 | D:10     | 10960 ||| Stepping randomly (stuck).
 10961 | D:10     | 10961 ||| Stepping randomly (stuck).
 10962 | D:10     | 10962 ||| Stepping randomly (stuck).
 10963 | D:10     | 10963 ||| Stepping randomly (stuck).
 10964 | D:10     | 10964 ||| Stepping randomly (stuck).
 10965 | D:10     | 10965 ||| Stepping randomly (stuck).
 10966 | D:10     | 10966 ||| Stepping randomly (stuck).
 10967 | D:10     | 10967 ||| Stepping randomly (stuck).
 10968 | D:10     | 10968 ||| Stepping randomly (stuck).
 10969 | D:10     | 10969 ||| Stepping randomly (stuck).
 10970 | D:10     | 10970 ||| Stepping randomly (stuck).
 10971 | D:10     | 10971 ||| Stepping randomly (stuck).
 10972 | D:10     | 10972 ||| Stepping randomly (stuck).
 10973 | D:10     | 10973 ||| Stepping randomly (stuck).
 10974 | D:10     | 10974 ||| Stepping randomly (stuck).
 10975 | D:10     | 10975 ||| Stepping randomly (stuck).
 10976 | D:10     | 10976 ||| Stepping randomly (stuck).
 10977 | D:10     | 10977 ||| Stepping randomly (stuck).
 10978 | D:10     | 10978 ||| Stepping randomly (stuck).
 10979 | D:10     | 10979 ||| Stepping randomly (stuck).
 10980 | D:10     | 10980 ||| Stepping randomly (stuck).
 10981 | D:10     | 10981 ||| Stepping randomly (stuck).
 10982 | D:10     | 10982 ||| Stepping randomly (stuck).
 10983 | D:10     | 10983 ||| Stepping randomly (stuck).
 10984 | D:10     | 10984 ||| Stepping randomly (stuck).
 10985 | D:10     | 10985 ||| Stepping randomly (stuck).
 10986 | D:10     | 10986 ||| Stepping randomly (stuck).
 10987 | D:10     | 10987 ||| Stepping randomly (stuck).
 10988 | D:10     | 10988 ||| Stepping randomly (stuck).
 10989 | D:10     | 10989 ||| Stepping randomly (stuck).
 10990 | D:10     | 10990 ||| Stepping randomly (stuck).
 10991 | D:10     | 10991 ||| Stepping randomly (stuck).
 10992 | D:10     | 10992 ||| Stepping randomly (stuck).
 10993 | D:10     | 10993 ||| Stepping randomly (stuck).
 10994 | D:10     | 10994 ||| Stepping randomly (stuck).
 10995 | D:10     | 10995 ||| Stepping randomly (stuck).
 10996 | D:10     | 10996 ||| Stepping randomly (stuck).
 10997 | D:10     | 10997 ||| Stepping randomly (stuck).
 10998 | D:10     | 10998 ||| Stepping randomly (stuck).
 10999 | D:10     | 10999 ||| Stepping randomly (stuck).
 11000 | D:10     | 11000 ||| Stepping randomly (stuck).
 11001 | D:10     | 11001 ||| Stepping randomly (stuck).
 11002 | D:10     | 11002 ||| Stepping randomly (stuck).
 11003 | D:10     | 11003 ||| Stepping randomly (stuck).
 11004 | D:10     | 11004 ||| Stepping randomly (stuck).
 11005 | D:10     | 11005 ||| Stepping randomly (stuck).
 11006 | D:10     | 11006 ||| Stepping randomly (stuck).
 11007 | D:10     | 11007 ||| Stepping randomly (stuck).
 11008 | D:10     | 11008 ||| Stepping randomly (stuck).
 11009 | D:10     | 11009 ||| Stepping randomly (stuck).
 11010 | D:10     | 11010 ||| Stepping randomly (stuck).
 11011 | D:10     | 11011 ||| Stepping randomly (stuck).
 11012 | D:10     | 11012 ||| Stepping randomly (stuck).
 11013 | D:10     | 11013 ||| Stepping randomly (stuck).
 11014 | D:10     | 11014 ||| Stepping randomly (stuck).
 11015 | D:10     | 11015 ||| Stepping randomly (stuck).
 11016 | D:10     | 11016 ||| Stepping randomly (stuck).
 11017 | D:10     | 11017 ||| Stepping randomly (stuck).
 11018 | D:10     | 11018 ||| Stepping randomly (stuck).
 11019 | D:10     | 11019 ||| Stepping randomly (stuck).
 11020 | D:10     | 11020 ||| Stepping randomly (stuck).
 11021 | D:10     | 11021 ||| Stepping randomly (stuck).
 11022 | D:10     | 11022 ||| Stepping randomly (stuck).
 11023 | D:10     | 11023 ||| Stepping randomly (stuck).
 11024 | D:10     | 11024 ||| Stepping randomly (stuck).
 11025 | D:10     | 11025 ||| Stepping randomly (stuck).
 11026 | D:10     | 11026 ||| Stepping randomly (stuck).
 11027 | D:10     | 11027 ||| Stepping randomly (stuck).
 11028 | D:10     | 11028 ||| Stepping randomly (stuck).
 11029 | D:10     | 11029 ||| Stepping randomly (stuck).
 11030 | D:10     | 11030 ||| Stepping randomly (stuck).
 11031 | D:10     | 11031 ||| Stepping randomly (stuck).
 11032 | D:10     | 11032 ||| Stepping randomly (stuck).
 11033 | D:10     | 11033 ||| Stepping randomly (stuck).
 11034 | D:10     | 11034 ||| Stepping randomly (stuck).
 11035 | D:10     | 11035 ||| Stepping randomly (stuck).
 11036 | D:10     | 11036 ||| Stepping randomly (stuck).
 11037 | D:10     | 11037 ||| Stepping randomly (stuck).
 11038 | D:10     | 11038 ||| Stepping randomly (stuck).
 11039 | D:10     | 11039 ||| Stepping randomly (stuck).
 11040 | D:10     | 11040 ||| Stepping randomly (stuck).
 11041 | D:10     | 11041 ||| Stepping randomly (stuck).
 11042 | D:10     | 11042 ||| Stepping randomly (stuck).
 11043 | D:10     | 11043 ||| Stepping randomly (stuck).
 11044 | D:10     | 11044 ||| Stepping randomly (stuck).
 11045 | D:10     | 11045 ||| Stepping randomly (stuck).
 11046 | D:10     | 11046 ||| Stepping randomly (stuck).
 11047 | D:10     | 11047 ||| Stepping randomly (stuck).
 11048 | D:10     | 11048 ||| Stepping randomly (stuck).
 11049 | D:10     | 11049 ||| Stepping randomly (stuck).
 11050 | D:10     | 11050 ||| Stepping randomly (stuck).
 11051 | D:10     | 11051 ||| Stepping randomly (stuck).
 11052 | D:10     | 11052 ||| Stepping randomly (stuck).
 11053 | D:10     | 11053 ||| Stepping randomly (stuck).
 11054 | D:10     | 11054 ||| Stepping randomly (stuck).
 11055 | D:10     | 11055 ||| Stepping randomly (stuck).
 11056 | D:10     | 11056 ||| Stepping randomly (stuck).
 11057 | D:10     | 11057 ||| Stepping randomly (stuck).
 11058 | D:10     | 11058 ||| Stepping randomly (stuck).
 11059 | D:10     | 11059 ||| Stepping randomly (stuck).
 11060 | D:10     | 11060 ||| Stepping randomly (stuck).
 11061 | D:10     | 11061 ||| Stepping randomly (stuck).
 11062 | D:10     | 11062 ||| Stepping randomly (stuck).
 11063 | D:10     | 11063 ||| Stepping randomly (stuck).
 11064 | D:10     | 11064 ||| Stepping randomly (stuck).
 11065 | D:10     | 11065 ||| Stepping randomly (stuck).
 11066 | D:10     | 11066 ||| Stepping randomly (stuck).
 11067 | D:10     | 11067 ||| Stepping randomly (stuck).
 11068 | D:10     | 11068 ||| Stepping randomly (stuck).
 11069 | D:10     | 11069 ||| Stepping randomly (stuck).
 11070 | D:10     | 11070 ||| Stepping randomly (stuck).
 11071 | D:10     | 11071 ||| Stepping randomly (stuck).
 11072 | D:10     | 11072 ||| Stepping randomly (stuck).
 11073 | D:10     | 11073 ||| Stepping randomly (stuck).
 11074 | D:10     | 11074 ||| Stepping randomly (stuck).
 11075 | D:10     | 11075 ||| Stepping randomly (stuck).
 11076 | D:10     | 11076 ||| Stepping randomly (stuck).
 11077 | D:10     | 11077 ||| Stepping randomly (stuck).
 11078 | D:10     | 11078 ||| Stepping randomly (stuck).
 11079 | D:10     | 11079 ||| Stepping randomly (stuck).
 11080 | D:10     | 11080 ||| Stepping randomly (stuck).
 11081 | D:10     | 11081 ||| Stepping randomly (stuck).
 11082 | D:10     | 11082 ||| Stepping randomly (stuck).
 11083 | D:10     | 11083 ||| Stepping randomly (stuck).
 11084 | D:10     | 11084 ||| Stepping randomly (stuck).
 11085 | D:10     | 11085 ||| Stepping randomly (stuck).
 11086 | D:10     | 11086 ||| Stepping randomly (stuck).
 11087 | D:10     | 11087 ||| Stepping randomly (stuck).
 11088 | D:10     | 11088 ||| Stepping randomly (stuck).
 11089 | D:10     | 11089 ||| Stepping randomly (stuck).
 11090 | D:10     | 11090 ||| Stepping randomly (stuck).
 11091 | D:10     | 11091 ||| Stepping randomly (stuck).
 11092 | D:10     | 11092 ||| Stepping randomly (stuck).
 11093 | D:10     | 11093 ||| Stepping randomly (stuck).
 11094 | D:10     | 11094 ||| Stepping randomly (stuck).
 11095 | D:10     | 11095 ||| Stepping randomly (stuck).
 11096 | D:10     | 11096 ||| Stepping randomly (stuck).
 11097 | D:10     | 11097 ||| Stepping randomly (stuck).
 11098 | D:10     | 11098 ||| Stepping randomly (stuck).
 11099 | D:10     | 11099 ||| Stepping randomly (stuck).
 11100 | D:10     | 11100 ||| Stepping randomly (stuck).
 11101 | D:10     | 11101 ||| Stepping randomly (stuck).
 11102 | D:10     | 11102 ||| Stepping randomly (stuck).
 11103 | D:10     | 11103 ||| Stepping randomly (stuck).
 11104 | D:10     | 11104 ||| Stepping randomly (stuck).
 11105 | D:10     | 11105 ||| Stepping randomly (stuck).
 11106 | D:10     | 11106 ||| Stepping randomly (stuck).
 11107 | D:10     | 11107 ||| Stepping randomly (stuck).
 11108 | D:10     | 11108 ||| Stepping randomly (stuck).
 11109 | D:10     | 11109 ||| Stepping randomly (stuck).
 11110 | D:10     | 11110 ||| Stepping randomly (stuck).
 11111 | D:10     | 11111 ||| Stepping randomly (stuck).
 11112 | D:10     | 11112 ||| Stepping randomly (stuck).
 11113 | D:10     | 11113 ||| Stepping randomly (stuck).
 11114 | D:10     | 11114 ||| Stepping randomly (stuck).
 11115 | D:10     | 11115 ||| Stepping randomly (stuck).
 11116 | D:10     | 11116 ||| Stepping randomly (stuck).
 11117 | D:10     | 11117 ||| Stepping randomly (stuck).
 11118 | D:10     | 11118 ||| Stepping randomly (stuck).
 11119 | D:10     | 11119 ||| Stepping randomly (stuck).
 11120 | D:10     | 11120 ||| Stepping randomly (stuck).
 11121 | D:10     | 11121 ||| Stepping randomly (stuck).
 11122 | D:10     | 11122 ||| Stepping randomly (stuck).
 11123 | D:10     | 11123 ||| Stepping randomly (stuck).
 11124 | D:10     | 11124 ||| Stepping randomly (stuck).
 11125 | D:10     | 11125 ||| Stepping randomly (stuck).
 11126 | D:10     | 11126 ||| Stepping randomly (stuck).
 11127 | D:10     | 11127 ||| Stepping randomly (stuck).
 11128 | D:10     | 11128 ||| Stepping randomly (stuck).
 11129 | D:10     | 11129 ||| Stepping randomly (stuck).
 11130 | D:10     | 11130 ||| Stepping randomly (stuck).
 11131 | D:10     | 11131 ||| Stepping randomly (stuck).
 11132 | D:10     | 11132 ||| Stepping randomly (stuck).
 11133 | D:10     | 11133 ||| Stepping randomly (stuck).
 11134 | D:10     | 11134 ||| Stepping randomly (stuck).
 11135 | D:10     | 11135 ||| Stepping randomly (stuck).
 11136 | D:10     | 11136 ||| Stepping randomly (stuck).
 11137 | D:10     | 11137 ||| Stepping randomly (stuck).
 11138 | D:10     | 11138 ||| Stepping randomly (stuck).
 11139 | D:10     | 11139 ||| Stepping randomly (stuck).
 11140 | D:10     | 11140 ||| Stepping randomly (stuck).
 11141 | D:10     | 11141 ||| Stepping randomly (stuck).
 11142 | D:10     | 11142 ||| Stepping randomly (stuck).
 11143 | D:10     | 11143 ||| Stepping randomly (stuck).
 11144 | D:10     | 11144 ||| Stepping randomly (stuck).
 11145 | D:10     | 11145 ||| Stepping randomly (stuck).
 11146 | D:10     | 11146 ||| Stepping randomly (stuck).
 11147 | D:10     | 11147 ||| Stepping randomly (stuck).
 11148 | D:10     | 11148 ||| Stepping randomly (stuck).
 11149 | D:10     | 11149 ||| Stepping randomly (stuck).
 11150 | D:10     | 11150 ||| Stepping randomly (stuck).
 11151 | D:10     | 11151 ||| Stepping randomly (stuck).
 11152 | D:10     | 11152 ||| Stepping randomly (stuck).
 11153 | D:10     | 11153 ||| Stepping randomly (stuck).
 11154 | D:10     | 11154 ||| Stepping randomly (stuck).
 11155 | D:10     | 11155 ||| Stepping randomly (stuck).
 11156 | D:10     | 11156 ||| Stepping randomly (stuck).
 11157 | D:10     | 11157 ||| Stepping randomly (stuck).
 11158 | D:10     | 11158 ||| Stepping randomly (stuck).
 11159 | D:10     | 11159 ||| Stepping randomly (stuck).
 11160 | D:10     | 11160 ||| Stepping randomly (stuck).
 11161 | D:10     | 11161 ||| Stepping randomly (stuck).
 11162 | D:10     | 11162 ||| Stepping randomly (stuck).
 11163 | D:10     | 11163 ||| Stepping randomly (stuck).
 11164 | D:10     | 11164 ||| Stepping randomly (stuck).
 11165 | D:10     | 11165 ||| Stepping randomly (stuck).
 11166 | D:10     | 11166 ||| Stepping randomly (stuck).
 11167 | D:10     | 11167 ||| Stepping randomly (stuck).
 11168 | D:10     | 11168 ||| Stepping randomly (stuck).
 11169 | D:10     | 11169 ||| Stepping randomly (stuck).
 11170 | D:10     | 11170 ||| Stepping randomly (stuck).
 11171 | D:10     | 11171 ||| Stepping randomly (stuck).
 11172 | D:10     | 11172 ||| Stepping randomly (stuck).
 11173 | D:10     | 11173 ||| Stepping randomly (stuck).
 11174 | D:10     | 11174 ||| Stepping randomly (stuck).
 11175 | D:10     | 11175 ||| Stepping randomly (stuck).
 11176 | D:10     | 11176 ||| Stepping randomly (stuck).
 11177 | D:10     | 11177 ||| Stepping randomly (stuck).
 11178 | D:10     | 11178 ||| Stepping randomly (stuck).
 11179 | D:10     | 11179 ||| Stepping randomly (stuck).
 11180 | D:10     | 11180 ||| Stepping randomly (stuck).
 11181 | D:10     | 11181 ||| Stepping randomly (stuck).
 11182 | D:10     | 11182 ||| Stepping randomly (stuck).
 11183 | D:10     | 11183 ||| Stepping randomly (stuck).
 11184 | D:10     | 11184 ||| Stepping randomly (stuck).
 11185 | D:10     | 11185 ||| Stepping randomly (stuck).
 11186 | D:10     | 11186 ||| Stepping randomly (stuck).
 11187 | D:10     | 11187 ||| Stepping randomly (stuck).
 11188 | D:10     | 11188 ||| Stepping randomly (stuck).
 11189 | D:10     | 11189 ||| Stepping randomly (stuck).
 11190 | D:10     | 11190 ||| Stepping randomly (stuck).
 11191 | D:10     | 11191 ||| Stepping randomly (stuck).
 11192 | D:10     | 11192 ||| Stepping randomly (stuck).
 11193 | D:10     | 11193 ||| Stepping randomly (stuck).
 11194 | D:10     | 11194 ||| Stepping randomly (stuck).
 11195 | D:10     | 11195 ||| Stepping randomly (stuck).
 11196 | D:10     | 11196 ||| Stepping randomly (stuck).
 11197 | D:10     | 11197 ||| Stepping randomly (stuck).
 11198 | D:10     | 11198 ||| Stepping randomly (stuck).
 11199 | D:10     | 11199 ||| Stepping randomly (stuck).
 11200 | D:10     | 11200 ||| Stepping randomly (stuck).
 11201 | D:10     | 11201 ||| Stepping randomly (stuck).
 11202 | D:10     | 11202 ||| Stepping randomly (stuck).
 11203 | D:10     | 11203 ||| Stepping randomly (stuck).
 11204 | D:10     | 11204 ||| Stepping randomly (stuck).
 11205 | D:10     | 11205 ||| Stepping randomly (stuck).
 11206 | D:10     | 11206 ||| Stepping randomly (stuck).
 11207 | D:10     | 11207 ||| Stepping randomly (stuck).
 11208 | D:10     | 11208 ||| Stepping randomly (stuck).
 11209 | D:10     | 11209 ||| Stepping randomly (stuck).
 11210 | D:10     | 11210 ||| Stepping randomly (stuck).
 11211 | D:10     | 11211 ||| Stepping randomly (stuck).
 11212 | D:10     | 11212 ||| Stepping randomly (stuck).
 11213 | D:10     | 11213 ||| Stepping randomly (stuck).
 11214 | D:10     | 11214 ||| Stepping randomly (stuck).
 11215 | D:10     | 11215 ||| Stepping randomly (stuck).
 11216 | D:10     | 11216 ||| Stepping randomly (stuck).
 11217 | D:10     | 11217 ||| Stepping randomly (stuck).
 11218 | D:10     | 11218 ||| Stepping randomly (stuck).
 11219 | D:10     | 11219 ||| Stepping randomly (stuck).
 11220 | D:10     | 11220 ||| Stepping randomly (stuck).
 11221 | D:10     | 11221 ||| Stepping randomly (stuck).
 11222 | D:10     | 11222 ||| Stepping randomly (stuck).
 11223 | D:10     | 11223 ||| Stepping randomly (stuck).
 11224 | D:10     | 11224 ||| Stepping randomly (stuck).
 11225 | D:10     | 11225 ||| Stepping randomly (stuck).
 11226 | D:10     | 11226 ||| Stepping randomly (stuck).
 11227 | D:10     | 11227 ||| Stepping randomly (stuck).
 11228 | D:10     | 11228 ||| Stepping randomly (stuck).
 11229 | D:10     | 11229 ||| Stepping randomly (stuck).
 11230 | D:10     | 11230 ||| Stepping randomly (stuck).
 11231 | D:10     | 11231 ||| Stepping randomly (stuck).
 11232 | D:10     | 11232 ||| Stepping randomly (stuck).
 11233 | D:10     | 11233 ||| Stepping randomly (stuck).
 11234 | D:10     | 11234 ||| Stepping randomly (stuck).
 11235 | D:10     | 11235 ||| Stepping randomly (stuck).
 11236 | D:10     | 11236 ||| Stepping randomly (stuck).
 11237 | D:10     | 11237 ||| Stepping randomly (stuck).
 11238 | D:10     | 11238 ||| Stepping randomly (stuck).
 11239 | D:10     | 11239 ||| Stepping randomly (stuck).
 11240 | D:10     | 11240 ||| Stepping randomly (stuck).
 11241 | D:10     | 11241 ||| Stepping randomly (stuck).
 11242 | D:10     | 11242 ||| Stepping randomly (stuck).
 11243 | D:10     | 11243 ||| Stepping randomly (stuck).
 11244 | D:10     | 11244 ||| Stepping randomly (stuck).
 11245 | D:10     | 11245 ||| Stepping randomly (stuck).
 11246 | D:10     | 11246 ||| Stepping randomly (stuck).
 11247 | D:10     | 11247 ||| Stepping randomly (stuck).
 11248 | D:10     | 11248 ||| Stepping randomly (stuck).
 11249 | D:10     | 11249 ||| Stepping randomly (stuck).
 11250 | D:10     | 11250 ||| Stepping randomly (stuck).
 11251 | D:10     | 11251 ||| Stepping randomly (stuck).
 11252 | D:10     | 11252 ||| Stepping randomly (stuck).
 11253 | D:10     | 11253 ||| Stepping randomly (stuck).
 11254 | D:10     | 11254 ||| Stepping randomly (stuck).
 11255 | D:10     | 11255 ||| Stepping randomly (stuck).
 11256 | D:10     | 11256 ||| Stepping randomly (stuck).
 11257 | D:10     | 11257 ||| Stepping randomly (stuck).
 11258 | D:10     | 11258 ||| Stepping randomly (stuck).
 11259 | D:10     | 11259 ||| Stepping randomly (stuck).
 11260 | D:10     | 11260 ||| Stepping randomly (stuck).
 11261 | D:10     | 11261 ||| Stepping randomly (stuck).
 11262 | D:10     | 11262 ||| Stepping randomly (stuck).
 11263 | D:10     | 11263 ||| Stepping randomly (stuck).
 11264 | D:10     | 11264 ||| Stepping randomly (stuck).
 11265 | D:10     | 11265 ||| Stepping randomly (stuck).
 11266 | D:10     | 11266 ||| Stepping randomly (stuck).
 11267 | D:10     | 11267 ||| Stepping randomly (stuck).
 11268 | D:10     | 11268 ||| Stepping randomly (stuck).
 11269 | D:10     | 11269 ||| Stepping randomly (stuck).
 11270 | D:10     | 11270 ||| Stepping randomly (stuck).
 11271 | D:10     | 11271 ||| Stepping randomly (stuck).
 11272 | D:10     | 11272 ||| Stepping randomly (stuck).
 11273 | D:10     | 11273 ||| Stepping randomly (stuck).
 11274 | D:10     | 11274 ||| Stepping randomly (stuck).
 11275 | D:10     | 11275 ||| Stepping randomly (stuck).
 11276 | D:10     | 11276 ||| Stepping randomly (stuck).
 11277 | D:10     | 11277 ||| Stepping randomly (stuck).
 11278 | D:10     | 11278 ||| Stepping randomly (stuck).
 11279 | D:10     | 11279 ||| Stepping randomly (stuck).
 11280 | D:10     | 11280 ||| Stepping randomly (stuck).
 11281 | D:10     | 11281 ||| Stepping randomly (stuck).
 11282 | D:10     | 11282 ||| Stepping randomly (stuck).
 11283 | D:10     | 11283 ||| Stepping randomly (stuck).
 11284 | D:10     | 11284 ||| Stepping randomly (stuck).
 11285 | D:10     | 11285 ||| Stepping randomly (stuck).
 11286 | D:10     | 11286 ||| Stepping randomly (stuck).
 11287 | D:10     | 11287 ||| Stepping randomly (stuck).
 11288 | D:10     | 11288 ||| Stepping randomly (stuck).
 11289 | D:10     | 11289 ||| Stepping randomly (stuck).
 11290 | D:10     | 11290 ||| Stepping randomly (stuck).
 11291 | D:10     | 11291 ||| Stepping randomly (stuck).
 11292 | D:10     | 11292 ||| Stepping randomly (stuck).
 11293 | D:10     | 11293 ||| Stepping randomly (stuck).
 11294 | D:10     | 11294 ||| Stepping randomly (stuck).
 11295 | D:10     | 11295 ||| Stepping randomly (stuck).
 11296 | D:10     | 11296 ||| Stepping randomly (stuck).
 11297 | D:10     | 11297 ||| Stepping randomly (stuck).
 11298 | D:10     | 11298 ||| Stepping randomly (stuck).
 11299 | D:10     | 11299 ||| Stepping randomly (stuck).
 11300 | D:10     | 11300 ||| Stepping randomly (stuck).
 11301 | D:10     | 11301 ||| Stepping randomly (stuck).
 11302 | D:10     | 11302 ||| Stepping randomly (stuck).
 11303 | D:10     | 11303 ||| Stepping randomly (stuck).
 11304 | D:10     | 11304 ||| Stepping randomly (stuck).
 11305 | D:10     | 11305 ||| Stepping randomly (stuck).
 11306 | D:10     | 11306 ||| Stepping randomly (stuck).
 11307 | D:10     | 11307 ||| Stepping randomly (stuck).
 11308 | D:10     | 11308 ||| Stepping randomly (stuck).
 11309 | D:10     | 11309 ||| Stepping randomly (stuck).
 11310 | D:10     | 11310 ||| Stepping randomly (stuck).
 11311 | D:10     | 11311 ||| Stepping randomly (stuck).
 11312 | D:10     | 11312 ||| Stepping randomly (stuck).
 11313 | D:10     | 11313 ||| Stepping randomly (stuck).
 11314 | D:10     | 11314 ||| Stepping randomly (stuck).
 11315 | D:10     | 11315 ||| Stepping randomly (stuck).
 11316 | D:10     | 11316 ||| Stepping randomly (stuck).
 11317 | D:10     | 11317 ||| Stepping randomly (stuck).
 11318 | D:10     | 11318 ||| Stepping randomly (stuck).
 11319 | D:10     | 11319 ||| Stepping randomly (stuck).
 11320 | D:10     | 11320 ||| Stepping randomly (stuck).
 11321 | D:10     | 11321 ||| Stepping randomly (stuck).
 11322 | D:10     | 11322 ||| Stepping randomly (stuck).
 11323 | D:10     | 11323 ||| Stepping randomly (stuck).
 11324 | D:10     | 11324 ||| Stepping randomly (stuck).
 11325 | D:10     | 11325 ||| Stepping randomly (stuck).
 11326 | D:10     | 11326 ||| Stepping randomly (stuck).
 11327 | D:10     | 11327 ||| Stepping randomly (stuck).
 11328 | D:10     | 11328 ||| Stepping randomly (stuck).
 11329 | D:10     | 11329 ||| Stepping randomly (stuck).
 11330 | D:10     | 11330 ||| Stepping randomly (stuck).
 11331 | D:10     | 11331 ||| Stepping randomly (stuck).
 11332 | D:10     | 11332 ||| Stepping randomly (stuck).
 11333 | D:10     | 11333 ||| Stepping randomly (stuck).
 11334 | D:10     | 11334 ||| Stepping randomly (stuck).
 11335 | D:10     | 11335 ||| Stepping randomly (stuck).
 11336 | D:10     | 11336 ||| Stepping randomly (stuck).
 11337 | D:10     | 11337 ||| Stepping randomly (stuck).
 11338 | D:10     | 11338 ||| Stepping randomly (stuck).
 11339 | D:10     | 11339 ||| Stepping randomly (stuck).
 11340 | D:10     | 11340 ||| Stepping randomly (stuck).
 11341 | D:10     | 11341 ||| Stepping randomly (stuck).
 11342 | D:10     | 11342 ||| Stepping randomly (stuck).
 11343 | D:10     | 11343 ||| Stepping randomly (stuck).
 11344 | D:10     | 11344 ||| Stepping randomly (stuck).
 11345 | D:10     | 11345 ||| Stepping randomly (stuck).
 11346 | D:10     | 11346 ||| Stepping randomly (stuck).
 11347 | D:10     | 11347 ||| Stepping randomly (stuck).
 11348 | D:10     | 11348 ||| Stepping randomly (stuck).
 11349 | D:10     | 11349 ||| Stepping randomly (stuck).
 11350 | D:10     | 11350 ||| Stepping randomly (stuck).
 11351 | D:10     | 11351 ||| Stepping randomly (stuck).
 11352 | D:10     | 11352 ||| Stepping randomly (stuck).
 11353 | D:10     | 11353 ||| Stepping randomly (stuck).
 11354 | D:10     | 11354 ||| Stepping randomly (stuck).
 11355 | D:10     | 11355 ||| Stepping randomly (stuck).
 11356 | D:10     | 11356 ||| Stepping randomly (stuck).
 11357 | D:10     | 11357 ||| Stepping randomly (stuck).
 11358 | D:10     | 11358 ||| Stepping randomly (stuck).
 11359 | D:10     | 11359 ||| Stepping randomly (stuck).
 11360 | D:10     | 11360 ||| Stepping randomly (stuck).
 11361 | D:10     | 11361 ||| Stepping randomly (stuck).
 11362 | D:10     | 11362 ||| Stepping randomly (stuck).
 11363 | D:10     | 11363 ||| Stepping randomly (stuck).
 11364 | D:10     | 11364 ||| Stepping randomly (stuck).
 11365 | D:10     | 11365 ||| Stepping randomly (stuck).
 11366 | D:10     | 11366 ||| Stepping randomly (stuck).
 11367 | D:10     | 11367 ||| Stepping randomly (stuck).
 11368 | D:10     | 11368 ||| Stepping randomly (stuck).
 11369 | D:10     | 11369 ||| Stepping randomly (stuck).
 11370 | D:10     | 11370 ||| Stepping randomly (stuck).
 11371 | D:10     | 11371 ||| Stepping randomly (stuck).
 11372 | D:10     | 11372 ||| Stepping randomly (stuck).
 11373 | D:10     | 11373 ||| Stepping randomly (stuck).
 11374 | D:10     | 11374 ||| Stepping randomly (stuck).
 11375 | D:10     | 11375 ||| Stepping randomly (stuck).
 11376 | D:10     | 11376 ||| Stepping randomly (stuck).
 11377 | D:10     | 11377 ||| Stepping randomly (stuck).
 11378 | D:10     | 11378 ||| Stepping randomly (stuck).
 11379 | D:10     | 11379 ||| Stepping randomly (stuck).
 11380 | D:10     | 11380 ||| Stepping randomly (stuck).
 11381 | D:10     | 11381 ||| Stepping randomly (stuck).
 11382 | D:10     | 11382 ||| Stepping randomly (stuck).
 11383 | D:10     | 11383 ||| Stepping randomly (stuck).
 11384 | D:10     | 11384 ||| Stepping randomly (stuck).
 11385 | D:10     | 11385 ||| Stepping randomly (stuck).
 11386 | D:10     | 11386 ||| Stepping randomly (stuck).
 11387 | D:10     | 11387 ||| Stepping randomly (stuck).
 11388 | D:10     | 11388 ||| Stepping randomly (stuck).
 11389 | D:10     | 11389 ||| Stepping randomly (stuck).
 11390 | D:10     | 11390 ||| Stepping randomly (stuck).
 11391 | D:10     | 11391 ||| Stepping randomly (stuck).
 11392 | D:10     | 11392 ||| Stepping randomly (stuck).
 11393 | D:10     | 11393 ||| Stepping randomly (stuck).
 11394 | D:10     | 11394 ||| Stepping randomly (stuck).
 11395 | D:10     | 11395 ||| Stepping randomly (stuck).
 11396 | D:10     | 11396 ||| Stepping randomly (stuck).
 11397 | D:10     | 11397 ||| Stepping randomly (stuck).
 11398 | D:10     | 11398 ||| Stepping randomly (stuck).
 11399 | D:10     | 11399 ||| Stepping randomly (stuck).
 11400 | D:10     | 11400 ||| Stepping randomly (stuck).
 11401 | D:10     | 11401 ||| Stepping randomly (stuck).
 11402 | D:10     | 11402 ||| Stepping randomly (stuck).
 11403 | D:10     | 11403 ||| Stepping randomly (stuck).
 11404 | D:10     | 11404 ||| Stepping randomly (stuck).
 11405 | D:10     | 11405 ||| Stepping randomly (stuck).
 11406 | D:10     | 11406 ||| Stepping randomly (stuck).
 11407 | D:10     | 11407 ||| Stepping randomly (stuck).
 11408 | D:10     | 11408 ||| Stepping randomly (stuck).
 11409 | D:10     | 11409 ||| Stepping randomly (stuck).
 11410 | D:10     | 11410 ||| Stepping randomly (stuck).
 11411 | D:10     | 11411 ||| Stepping randomly (stuck).
 11412 | D:10     | 11412 ||| Stepping randomly (stuck).
 11413 | D:10     | 11413 ||| Stepping randomly (stuck).
 11414 | D:10     | 11414 ||| Stepping randomly (stuck).
 11415 | D:10     | 11415 ||| Stepping randomly (stuck).
 11416 | D:10     | 11416 ||| Stepping randomly (stuck).
 11417 | D:10     | 11417 ||| Stepping randomly (stuck).
 11418 | D:10     | 11418 ||| Stepping randomly (stuck).
 11419 | D:10     | 11419 ||| Stepping randomly (stuck).
 11420 | D:10     | 11420 ||| Stepping randomly (stuck).
 11421 | D:10     | 11421 ||| Stepping randomly (stuck).
 11422 | D:10     | 11422 ||| Stepping randomly (stuck).
 11423 | D:10     | 11423 ||| Stepping randomly (stuck).
 11424 | D:10     | 11424 ||| Stepping randomly (stuck).
 11425 | D:10     | 11425 ||| Stepping randomly (stuck).
 11426 | D:10     | 11426 ||| Stepping randomly (stuck).
 11427 | D:10     | 11427 ||| Stepping randomly (stuck).
 11428 | D:10     | 11428 ||| Stepping randomly (stuck).
 11429 | D:10     | 11429 ||| Stepping randomly (stuck).
 11430 | D:10     | 11430 ||| Stepping randomly (stuck).
 11431 | D:10     | 11431 ||| Stepping randomly (stuck).
 11432 | D:10     | 11432 ||| Stepping randomly (stuck).
 11433 | D:10     | 11433 ||| Stepping randomly (stuck).
 11434 | D:10     | 11434 ||| Stepping randomly (stuck).
 11435 | D:10     | 11435 ||| Stepping randomly (stuck).
 11436 | D:10     | 11436 ||| Stepping randomly (stuck).
 11437 | D:10     | 11437 ||| Stepping randomly (stuck).
 11438 | D:10     | 11438 ||| Stepping randomly (stuck).
 11439 | D:10     | 11439 ||| Stepping randomly (stuck).
 11440 | D:10     | 11440 ||| Stepping randomly (stuck).
 11441 | D:10     | 11441 ||| Stepping randomly (stuck).
 11442 | D:10     | 11442 ||| Stepping randomly (stuck).
 11443 | D:10     | 11443 ||| Stepping randomly (stuck).
 11444 | D:10     | 11444 ||| Stepping randomly (stuck).
 11445 | D:10     | 11445 ||| Stepping randomly (stuck).
 11446 | D:10     | 11446 ||| Stepping randomly (stuck).
 11447 | D:10     | 11447 ||| Stepping randomly (stuck).
 11448 | D:10     | 11448 ||| Stepping randomly (stuck).
 11449 | D:10     | 11449 ||| Stepping randomly (stuck).
 11450 | D:10     | 11450 ||| Stepping randomly (stuck).
 11451 | D:10     | 11451 ||| Stepping randomly (stuck).
 11452 | D:10     | 11452 ||| Stepping randomly (stuck).
 11453 | D:10     | 11453 ||| Stepping randomly (stuck).
 11454 | D:10     | 11454 ||| Stepping randomly (stuck).
 11455 | D:10     | 11455 ||| Stepping randomly (stuck).
 11456 | D:10     | 11456 ||| Stepping randomly (stuck).
 11457 | D:10     | 11457 ||| Stepping randomly (stuck).
 11458 | D:10     | 11458 ||| Stepping randomly (stuck).
 11459 | D:10     | 11459 ||| Stepping randomly (stuck).
 11460 | D:10     | 11460 ||| Stepping randomly (stuck).
 11461 | D:10     | 11461 ||| Stepping randomly (stuck).
 11462 | D:10     | 11462 ||| Stepping randomly (stuck).
 11463 | D:10     | 11463 ||| Stepping randomly (stuck).
 11464 | D:10     | 11464 ||| Stepping randomly (stuck).
 11465 | D:10     | 11465 ||| Stepping randomly (stuck).
 11466 | D:10     | 11466 ||| Stepping randomly (stuck).
 11467 | D:10     | 11467 ||| Stepping randomly (stuck).
 11468 | D:10     | 11468 ||| Stepping randomly (stuck).
 11469 | D:10     | 11469 ||| Stepping randomly (stuck).
 11470 | D:10     | 11470 ||| Stepping randomly (stuck).
 11471 | D:10     | 11471 ||| Stepping randomly (stuck).
 11472 | D:10     | 11472 ||| Stepping randomly (stuck).
 11473 | D:10     | 11473 ||| Stepping randomly (stuck).
 11474 | D:10     | 11474 ||| Stepping randomly (stuck).
 11475 | D:10     | 11475 ||| Stepping randomly (stuck).
 11476 | D:10     | 11476 ||| Stepping randomly (stuck).
 11477 | D:10     | 11477 ||| Stepping randomly (stuck).
 11478 | D:10     | 11478 ||| Stepping randomly (stuck).
 11479 | D:10     | 11479 ||| Stepping randomly (stuck).
 11480 | D:10     | 11480 ||| Stepping randomly (stuck).
 11481 | D:10     | 11481 ||| Stepping randomly (stuck).
 11482 | D:10     | 11482 ||| Stepping randomly (stuck).
 11483 | D:10     | 11483 ||| Stepping randomly (stuck).
 11484 | D:10     | 11484 ||| Stepping randomly (stuck).
 11485 | D:10     | 11485 ||| Stepping randomly (stuck).
 11486 | D:10     | 11486 ||| Stepping randomly (stuck).
 11487 | D:10     | 11487 ||| Stepping randomly (stuck).
 11488 | D:10     | 11488 ||| Stepping randomly (stuck).
 11489 | D:10     | 11489 ||| Stepping randomly (stuck).
 11490 | D:10     | 11490 ||| Stepping randomly (stuck).
 11491 | D:10     | 11491 ||| Stepping randomly (stuck).
 11492 | D:10     | 11492 ||| Stepping randomly (stuck).
 11493 | D:10     | 11493 ||| Stepping randomly (stuck).
 11494 | D:10     | 11494 ||| Stepping randomly (stuck).
 11495 | D:10     | 11495 ||| Stepping randomly (stuck).
 11496 | D:10     | 11496 ||| Stepping randomly (stuck).
 11497 | D:10     | 11497 ||| Stepping randomly (stuck).
 11498 | D:10     | 11498 ||| Stepping randomly (stuck).
 11499 | D:10     | 11499 ||| Stepping randomly (stuck).
 11500 | D:10     | 11500 ||| Stepping randomly (stuck).
 11501 | D:10     | 11501 ||| Stepping randomly (stuck).
 11502 | D:10     | 11502 ||| Stepping randomly (stuck).
 11503 | D:10     | 11503 ||| Stepping randomly (stuck).
 11504 | D:10     | 11504 ||| Stepping randomly (stuck).
 11505 | D:10     | 11505 ||| Stepping randomly (stuck).
 11506 | D:10     | 11506 ||| Stepping randomly (stuck).
 11507 | D:10     | 11507 ||| Stepping randomly (stuck).
 11508 | D:10     | 11508 ||| Stepping randomly (stuck).
 11509 | D:10     | 11509 ||| Stepping randomly (stuck).
 11510 | D:10     | 11510 ||| Stepping randomly (stuck).
 11511 | D:10     | 11511 ||| Stepping randomly (stuck).
 11512 | D:10     | 11512 ||| Stepping randomly (stuck).
 11513 | D:10     | 11513 ||| Stepping randomly (stuck).
 11514 | D:10     | 11514 ||| Stepping randomly (stuck).
 11515 | D:10     | 11515 ||| Stepping randomly (stuck).
 11516 | D:10     | 11516 ||| Stepping randomly (stuck).
 11517 | D:10     | 11517 ||| Stepping randomly (stuck).
 11518 | D:10     | 11518 ||| Stepping randomly (stuck).
 11519 | D:10     | 11519 ||| Stepping randomly (stuck).
 11520 | D:10     | 11520 ||| Stepping randomly (stuck).
 11521 | D:10     | 11521 ||| Stepping randomly (stuck).
 11522 | D:10     | 11522 ||| Stepping randomly (stuck).
 11523 | D:10     | 11523 ||| Stepping randomly (stuck).
 11524 | D:10     | 11524 ||| Stepping randomly (stuck).
 11525 | D:10     | 11525 ||| Stepping randomly (stuck).
 11526 | D:10     | 11526 ||| Stepping randomly (stuck).
 11527 | D:10     | 11527 ||| Stepping randomly (stuck).
 11528 | D:10     | 11528 ||| Stepping randomly (stuck).
 11529 | D:10     | 11529 ||| Stepping randomly (stuck).
 11530 | D:10     | 11530 ||| Stepping randomly (stuck).
 11531 | D:10     | 11531 ||| Stepping randomly (stuck).
 11532 | D:10     | 11532 ||| Stepping randomly (stuck).
 11533 | D:10     | 11533 ||| Stepping randomly (stuck).
 11534 | D:10     | 11534 ||| Stepping randomly (stuck).
 11535 | D:10     | 11535 ||| Stepping randomly (stuck).
 11536 | D:10     | 11536 ||| Stepping randomly (stuck).
 11537 | D:10     | 11537 ||| Stepping randomly (stuck).
 11538 | D:10     | 11538 ||| Stepping randomly (stuck).
 11539 | D:10     | 11539 ||| Stepping randomly (stuck).
 11540 | D:10     | 11540 ||| Stepping randomly (stuck).
 11541 | D:10     | 11541 ||| Stepping randomly (stuck).
 11542 | D:10     | 11542 ||| Stepping randomly (stuck).
 11543 | D:10     | 11543 ||| Stepping randomly (stuck).
 11544 | D:10     | 11544 ||| Stepping randomly (stuck).
 11545 | D:10     | 11545 ||| Stepping randomly (stuck).
 11546 | D:10     | 11546 ||| Stepping randomly (stuck).
 11547 | D:10     | 11547 ||| Stepping randomly (stuck).
 11548 | D:10     | 11548 ||| Stepping randomly (stuck).
 11549 | D:10     | 11549 ||| Stepping randomly (stuck).
 11550 | D:10     | 11550 ||| Stepping randomly (stuck).
 11551 | D:10     | 11551 ||| Stepping randomly (stuck).
 11552 | D:10     | 11552 ||| Stepping randomly (stuck).
 11553 | D:10     | Quit the game

Levels and vault maps discovered:
D:1:      amcnicky_arrival_single_pillar, layout_rooms,
          hellmonk_ecumenical_altar_heavens_door, serial_shops,
          nicolae_shop_statue_plus
D:2:      layout_loops_ring
D:3:      layout_loops_ring
D:4:      layout_loops_cross, minmay_temple_entry_statues_pillars,
          gup_sewer_entry_spiral
D:5:      layout_basic, okawaru_gym_becter
D:6:      layout_loops_ring, nicolae_underground_beach, uniq_prince_ribbit1,
          uniq_edmund, uniq_grinder
D:7:      layout_gridville, enter_bailey_3
D:8:      gammafunk_jiyva_shrine, layout_basic, special_room [special_room_orc]
D:9:      minmay_statue_hallways, layout_long_grid
D:10:     layout_basic, dpeg_oklobed_lair, serial_shops, nicolae_diamond_shop,
          pond, uniq_maggie
D:11:     layout_irregular_city, orc_0_dummy

Skill      XL: |  1  2  3  4  5  6  7  8  9 10 11 |
---------------+----------------------------------+-----
Axes           | 4 5 7 8 9 11 13 16 17 | 17.0
Throwing       | 1 3 4 |  4.0
Fighting       | 4 5 6 8 9 10 | 10.2
Armour         | 3 5 7 8 |  8.3
Dodging        | 3 |  3.1

Action                   |  1- 3 |  4- 6 |  7- 9 | 10-12 || total
-------------------------+-------+-------+-------+-------++-------
Melee: Hand axe          |    36 |    80 |    45 |       ||   161
       Headbutt          |     6 |     8 |    19 |    26 ||    59
       War axe           |       |       |   113 |   103 ||   216
       Punch             |       |       |     1 |     4 ||     5
       Broad axe         |       |       |       |    50 ||    50
Throw: Javelin           |    12 |    42 |    70 |    35 ||   159
       Boomerang         |       |       |     1 |     5 ||     6
Invok: Berserk           |     2 |     2 |    10 |     3 ||    17
       Trog's Hand       |       |     1 |       |       ||     1
       Brothers in Arms  |       |       |       |     1 ||     1
  Use: Scroll            |     2 |     8 |     9 |     7 ||    26
       Potion            |     1 |     1 |     2 |     4 ||     8
Armor: Animal skin       |     3 |       |       |       ||     3
       Ring mail         |     3 |     1 |       |       ||     4
       Scale mail        |       |    12 |       |       ||    12
       Chain mail        |       |    20 |    20 |       ||    40
       Plate armour      |       |       |    59 |    68 ||   127
Dodge: Dodged            |    15 |    36 |    44 |    44 ||   139

Table legend:
 A = Non-vault XP
 B = Vault XP
 C = Vault XP percentage of total XP
 D = Non-vault monster count
 E = Vault monster count
 F = Vault count percentage of total count
                 A         B        C        D         E       F
            +---------+---------+-------+---------+---------+-------
      Total |   12192 |    3725 |  23.4 |     207 |      77 |  27.1
            +---------+---------+-------+---------+---------+-------
        D:1 |      24 |       0 |   0.0 |      17 |       0 |   0.0
        D:2 |     103 |       0 |   0.0 |      23 |       0 |   0.0
        D:3 |      19 |       0 |   0.0 |      11 |       0 |   0.0
        D:4 |     417 |      50 |  10.7 |      18 |       6 |  25.0
        D:5 |     963 |       0 |   0.0 |      25 |       0 |   0.0
        D:6 |    1149 |     441 |  27.7 |      26 |       2 |   7.1
        D:7 |     689 |       8 |   1.1 |      16 |       4 |  20.0
        D:8 |    1641 |     597 |  26.7 |      21 |      25 |  54.3
        D:9 |    1695 |     451 |  21.0 |      19 |       1 |   5.0
       D:10 |    4157 |    1543 |  27.1 |      22 |       8 |  26.7
       D:11 |    1335 |       0 |   0.0 |       9 |       0 |   0.0
      Sewer |       0 |     635 | 100.0 |       0 |      31 | 100.0
            +---------+---------+-------+---------+---------+-------
